 Dungeon Crawl Stone Soup version 0.26-a0-1164-g1a551d6a14 (webtiles) character file.

Game seed: 17217849014813059016

27750 tilp the Covert (level 13, -2/156 HPs)
             Began as a Gnoll Delver on Dec 23, 2020.
             Was a High Priest of Makhleb.
             Killed from afar by Fannar (36 damage)
             ... with a bolt of cold
             ... on level 3 of the Lair of Beasts.
             The game lasted 00:27:59 (17341 turns).

tilp the Covert (Gnoll Delver)                     Turns: 17341, Time: 00:28:00

Health: -2/156     AC: 22    Str: 14    XL:     13   Next: 34%
Magic:  25/25      EV:  8    Int: 23    God:    Makhleb [*****.]
Gold:   437        SH: 12    Dex: 18    Spells: 26/28 levels left

rFire    + + .     SeeInvis .   a - +3 scimitar (flame)
rCold    x . .     Faith    .   s - +0 buckler
rNeg     . . .     Spirit   .   i - +2 plate armour {rF+}
rPois    .         Reflect  +   (no helmet)
rElec    .         Harm     .   H - +2 cloak {Will+}
rCorr    .         Rampage  .   P - +2 pair of gloves
Will     +....                  (no boots)
Stlth    ..........             G - amulet of reflection
HPRegen  0.36/turn              I - +6 ring of intelligence
MPRegen  0.19/turn              Z - ring of fire

@: berserking, very quick
A: distributed training, fangs 1, strong nose
a: Renounce Religion, Minor Destruction, Lesser Servant of Makhleb, Major
Destruction, Greater Servant of Makhleb


You were on level 3 of the Lair of Beasts.
You worshipped Makhleb.
Makhleb was extremely pleased with you.
You visited 3 branches of the dungeon, and saw 15 of its levels.
You also visited: Sewer and Volcano.

You collected 810 gold pieces.
You spent 373 gold pieces at shops.

Inventory:

Hand Weapons
 a - a +3 scimitar of flaming (weapon)
 N - a +2 battleaxe of flaming
 Q - a +0 arbalest of flaming
 U - the +8 hunting sling "Hoethrofur" {venom, +Inv Str-5 Int+2}
   (You found it on level 1 of the Lair of Beasts)

   It poisons the ammo it fires.
   It affects your strength (-5).
   It affects your intelligence (+2).
   It lets you turn invisible.
Missiles
 d - 8 boomerangs (quivered)
 e - 20 poisoned darts
 M - 3 throwing nets {!f}
 W - 8 curare-tipped darts
Armour
 i - a +2 plate armour of fire resistance (worn)
 s - a +0 buckler (worn)
 H - a +2 cloak of willpower (worn)
 P - a +2 pair of gloves (worn)
Jewellery
 b - a +6 ring of intelligence
 q - an uncursed ring of positive energy
 G - an amulet of reflection (around neck)
 I - a +6 ring of intelligence (left hand)
 R - an uncursed amulet of faith
 V - an uncursed amulet of magic regeneration
 Z - a ring of fire (right hand)
Wands
 g - a wand of digging (2)
 m - a wand of paralysis (31)
 y - a wand of random effects (15)
 A - a wand of flame (25)
 L - a wand of disintegration (3)
 S - a wand of acid (12)
 X - a wand of polymorph (10)
Scrolls
 c - 4 scrolls of fog
 j - 6 scrolls of teleportation
 o - 4 scrolls of remove curse
 r - 5 scrolls of enchant weapon
 v - 4 scrolls of immolation
 B - 2 scrolls of magic mapping
 C - a scroll of fear
 D - 2 scrolls of enchant armour
 K - a scroll of silence
 O - 12 scrolls of identify
 Y - a scroll of vulnerability {unknown}
Potions
 f - 3 potions of haste
 h - 2 potions of heal wounds
 k - 4 potions of flight
 l - 2 potions of berserk rage
 n - 3 potions of attraction
 p - 4 potions of mutation
 t - 2 potions of resistance
 u - a potion of might
 w - 6 potions of brilliance
 x - 3 potions of lignification
 z - 5 potions of curing
 E - a potion of cancellation
 F - 2 potions of magic
Miscellaneous
 J - a tin of tremorstones (2/2)
 T - a box of beasts


   Skills:
 + Level 10.5 Fighting
 + Level 8.3 Short Blades
 + Level 8.3 Long Blades
 + Level 8.3 Axes
 + Level 9.5 Maces & Flails
 + Level 8.3 Polearms
 + Level 8.3 Staves
 + Level 8.3 Slings
 + Level 8.3 Bows
 + Level 8.3 Crossbows
 + Level 8.3 Throwing
 + Level 8.3 Armour
 + Level 9.5 Dodging
 + Level 12.3 Stealth
 + Level 8.3 Shields
 + Level 8.3 Unarmed Combat
 + Level 8.3 Spellcasting
 + Level 6.9 Conjurations
 + Level 6.9 Hexes
 + Level 6.9 Summonings
 + Level 6.9 Necromancy
 + Level 6.9 Translocations
 + Level 6.9 Transmutations
 + Level 6.9 Fire Magic
 + Level 6.9 Ice Magic
 + Level 6.9 Air Magic
 + Level 6.9 Earth Magic
 + Level 6.9 Poison Magic
 + Level 9.1 Invocations
 + Level 8.3 Evocations


You had 26 spell levels left.
You knew the following spells:

 Your Spells              Type           Power        Failure   Level
a - Corona                Hex            45%          22%         1
b - Apportation           Tloc           82%          22%         1

Your spell library contained the following spells:

 Spells                   Type           Power        Failure   Level
 Animate Skeleton         Necr           82%          22%         1
 Beastly Appendage        Tmut           82%          22%         1
 Freeze                   Ice            100%         22%         1
 Magic Dart               Conj           100%         22%         1
 Sandblast                Erth           82%          22%         1
 Summon Small Mammal      Summ           100%         22%         1
 Ensorcelled Hibernation  Hex/Ice        82%          32%         2
 Passwall                 Tmut/Erth      34%          32%         2
 Searing Ray              Conj           82%          32%         2
 Wereblood                Tmut           41%          32%         2
 Confusing Touch          Hex            41%          54%         3
 Dazzling Flash           Conj/Hex       82%          54%         3
 Frozen Ramparts          Ice            82%          54%         3
 Ozocubu's Armour         Ice            41%          54%         3
 Spider Form              Tmut/Pois      20%          54%         3
 Stone Arrow              Conj/Erth      82%          54%         3
 Tukima's Dance           Hex            41%          54%         3
 Animate Dead             Necr           20%          91%         4
 Fulminant Prism          Conj/Hex       20%          91%         4
 Hailstorm                Conj/Ice       41%          91%         4
 Ice Form                 Ice/Tmut       41%          91%         4
 Iskenderun's Mystic Bla  Conj/Tloc      41%          91%         4
 Petrify                  Tmut/Erth      41%          91%         4
 Summon Ice Beast         Ice/Summ       41%          91%         4
 Blade Hands              Tmut           20%          99%         5
 Bolt of Magma            Conj/Fire/Erth 29%          99%         5
 Borgnjor's Vile Clutch   Necr/Erth      20%          99%         5
 Iskenderun's Battlesphe  Conj           41%          99%         5
 Lee's Rapid Deconstruct  Erth           20%          99%         5
 Death Channel            Necr           20%          100%        6
 Iron Shot                Conj/Erth      20%          100%        6
 Simulacrum               Ice/Necr       20%          100%        6
 Orb of Destruction       Conj           20%          100%        7
 Spellforged Servitor     Conj/Summ      20%          100%        7


Dungeon Overview and Level Annotations

Branches:
Dungeon (11/15)            Temple (1/1) D:5            Lair (3/6) D:8
    Orc (0/2) D:11          Sewer (visited)         Volcano (visited)
  Swamp: Lair:2-4    Shoals: Lair:2-4     Snake: Lair:2-4    Spider: Lair:2-4

Altars:
Ashenzari
Cheibriados
Dithmenos
Elyvilon
Fedhas
Gozag
Hepliaklqana
Kikubaaqudgha
Makhleb
Nemelex Xobeh
Okawaru
Qazlal
Ru
Sif Muna
Trog
Uskayaw
Vehumet
Wu Jian
Xom
Yredelemnul
Zin
The Shining One

Shops:
D:7 ?[[

Portals:
Trove: D:10 (give +7 demon blade)

Annotations:
D:3 fire vault
Lair:2 exclusion: 2 oklob plants
Lair:3 Fannar


Innate Abilities, Weirdness & Mutations

Your experience applies equally to all skills.
You have very sharp teeth.
Your uncanny sense of smell can sniff out nearby items.


Message History

* * * LOW HITPOINT WARNING * * *
Unknown command.
You miss Fannar.
Fannar is severely wounded.
You block Fannar's attack.
Unknown command.
You feel much better. You block the ice beast's attack.
Unknown command.
Unknown command.
A red film seems to cover your vision as you go berserk!
You feel yourself moving faster!
You feel mighty! Fannar gestures at you while chanting.
The bolt of cold hits you!!
You feel a terrible chill!
* * * LOW HITPOINT WARNING * * *
The ice beast closely misses you.
You closely miss Fannar.
Fannar is severely wounded.
Fannar casts a spell at you. The bolt of cold hits you!!!
You feel a terrible chill!
You die...

##.## #####..... #...#
######..... ##..####
##.#P#......
#...##.######...........
##....#.................
#.........#.##.#........
###........#####........
#.....Y.[..# ##.......
#####<@e.### ##...###
###.## ##### * ###


You could see Fannar and an ice beast (summoned).

Vanquished Creatures
  Harold (D:7)
  A hydra (Lair:3)
  3 two-headed ogres
  Nergalle (Lair:3)
  3 unseen horrors
  A cyclops (D:11)
  2 elephants (Lair:2)
  A manticore (D:11)
  7 cane toads
  2 gargoyles (Volcano)
  Maggie (D:6)
  7 komodo dragons
  An efreet (Volcano)
  2 trolls
  A polar bear (Lair:1)
  9 blink frogs (Lair:2)
  A wraith (D:11)
  2 wyverns
  2 basilisks
  A fire elemental (Volcano)
  Grum (D:11)
  12 yaks
  A soldier ant (D:11)
  7 water moccasins
  A two-headed ogre zombie (D:11)
  4 orc warriors
  4 sky beasts
  2 black bears
  3 phantoms (D:11)
  3 wolves (D:11)
  A necrophage (D:10)
  2 ice beasts
  6 ogres
  4 centaurs
  13 bullfrogs
  2 wyvern zombies
  4 scorpions
  2 troll zombies (D:11)
  6 howler monkeys
  10 killer bees
  An electric eel (Lair:1)
  12 wights
  3 centaur zombies
  2 hounds (D:10)
  5 orc priests
  2 jellies
  2 centaur skeletons
  3 iguanas
  2 bullfrog skeletons
  Natasha (D:3)
  7 orc wizards
  8 worker ants
  A killer bee zombie (D:9)
  5 ogre zombies (D:11)
  A hound zombie (D:7)
  2 hound skeletons
  A worker ant zombie (D:5)
  8 adders
  12 gnolls
  3 shadow imps
  4 white imps
  2 ufetubi
  3 oozes
  An adder skeleton (D:4)
  4 worms
  3 dart slugs
  5 leopard geckos
  44 orcs
  5 giant cockroaches
  7 goblins
  7 hobgoblins
  24 jackals
  11 kobolds
  2 quokkas
  3 ball pythons
  5 bats
  7 frilled lizards
  3 goblin skeletons (D:11)
  4 goblin zombies (D:11)
  A hobgoblin skeleton (D:11)
  A leopard gecko skeleton (D:7)
  3 orc skeletons (D:11)
  14 orc zombies (D:11)
  A quokka skeleton (D:4)
  9 rats
391 creatures vanquished.

Vanquished Creatures (collateral kills)
  2 elephants (Lair:2)
  A sky beast (D:11)
3 creatures vanquished.

Vanquished Creatures (others)
  14 fungi
  14 plants
28 creatures vanquished.

Grand Total: 422 creatures vanquished

Notes
Turn   | Place    | Note
-------+----------+-------------------------------------------
     0 | D:5      | Reached skill level 9 in Stealth
     0 | D:5      | tilp the Gnoll Delver began the quest for the Orb.
     0 | D:5      | Reached XP level 1. HP: 23/23 MP: 1/1
   100 | D:5      | Noticed a worker ant
   113 | D:5      | Killed a worker ant
   114 | D:5      | Reached XP level 2. HP: 29/29 MP: 2/2
   114 | D:5      | Reached XP level 3. HP: 35/35 MP: 3/3
   280 | D:5      | Reached skill level 1 in Invocations
   325 | D:5      | Reached skill level 1 in Short Blades
   325 | D:5      | Reached skill level 1 in Long Blades
   325 | D:5      | Reached skill level 1 in Axes
   325 | D:5      | Reached skill level 1 in Polearms
   325 | D:5      | Reached skill level 1 in Staves
   325 | D:5      | Reached skill level 1 in Slings
   325 | D:5      | Reached skill level 1 in Bows
   325 | D:5      | Reached skill level 1 in Crossbows
   325 | D:5      | Reached skill level 1 in Throwing
   325 | D:5      | Reached skill level 1 in Armour
   325 | D:5      | Reached skill level 1 in Shields
   325 | D:5      | Reached skill level 1 in Unarmed Combat
   325 | D:5      | Reached skill level 1 in Spellcasting
   325 | D:5      | Reached skill level 1 in Evocations
   340 | D:5      | Reached XP level 4. HP: 10/41 MP: 5/5
   346 | D:5      | Found a glowing drain.
   351 | Sewer    | Entered a sewer
   696 | Sewer    | Noticed Purgy
   760 | D:5      | Found a hide-covered altar of Uskayaw.
  1023 | D:3      | Reached skill level 1 in Conjurations
  1023 | D:3      | Reached skill level 1 in Hexes
  1023 | D:3      | Reached skill level 1 in Summonings
  1023 | D:3      | Reached skill level 1 in Necromancy
  1023 | D:3      | Reached skill level 1 in Translocations
  1023 | D:3      | Reached skill level 1 in Transmutations
  1023 | D:3      | Reached skill level 1 in Fire Magic
  1023 | D:3      | Reached skill level 1 in Ice Magic
  1023 | D:3      | Reached skill level 1 in Air Magic
  1023 | D:3      | Reached skill level 1 in Earth Magic
  1023 | D:3      | Reached skill level 1 in Poison Magic
  1576 | D:1      | Reached XP level 5. HP: 47/47 MP: 6/6
  1647 | D:1      | You fall into a shaft and drop 1 floor!
  1893 | D:1      | You fall into a shaft and drop 1 floor!
  2101 | D:1      | Found a glowing golden altar of the Shining One.
  2873 | D:3      | Noticed Natasha
  2882 | D:3      | Killed Natasha
  3340 | D:3      | Found a sparkling altar of Nemelex Xobeh.
  3616 | D:4      | Reached XP level 6. HP: 53/53 MP: 8/8
  3746 | D:4      | Reached skill level 5 in Maces & Flails
  3746 | D:4      | Reached skill level 5 in Dodging
  4372 | D:4      | Reached XP level 7. HP: 51/59 MP: 10/10
  4926 | D:5      | Found a staircase to the Ecumenical Temple.
  5201 | Temple   | Entered the Ecumenical Temple
  5492 | Temple   | Became a worshipper of Makhleb the Destroyer
  5958 | D:5      | Reached skill level 10 in Stealth
  6028 | D:6      | Found a shimmering altar of Xom.
  6081 | D:6      | Found a broken altar of Ashenzari.
  6199 | D:6      | Reached XP level 8. HP: 62/67 MP: 12/12
  6592 | D:6      | Noticed Maggie
  6610 | D:6      | Killed Maggie
  7079 | D:7      | Found Elumn's Armour Shop.
  7082 | D:7      | Bought a +2 pair of gloves for 198 gold pieces
  7142 | D:7      | Found Ustruhim's Gadget Shoppe.
  7207 | D:7      | Found Zokeshrousum's Magic Scroll Emporium.
  7243 | D:7      | Bought a scroll of silence for 75 gold pieces
  7278 | D:7      | Found Caat Vad's Antique Armour Shoppe.
  7454 | D:7      | Reached XP level 9. HP: 32/72 MP: 14/14
  7694 | D:7      | Reached * piety under Makhleb
  8017 | D:7      | Found an opulent altar of Gozag.
  8035 | D:7      | Noticed Harold
  8049 | D:7      | Killed Harold
  8121 | D:7      | Reached skill level 5 in Invocations
  8489 | D:7      | Bought a scroll of identify for 20 gold pieces
  8489 | D:7      | Bought a scroll of identify for 20 gold pieces
  8489 | D:7      | Bought a scroll of identify for 20 gold pieces
  8489 | D:7      | Bought a scroll of identify for 20 gold pieces
  8489 | D:7      | Bought a scroll of identify for 20 gold pieces
  8494 | D:7      | Reached skill level 11 in Stealth
  8494 | D:7      | Reached skill level 5 in Conjurations
  8494 | D:7      | Reached skill level 5 in Hexes
  8494 | D:7      | Reached skill level 5 in Summonings
  8494 | D:7      | Reached skill level 5 in Necromancy
  8494 | D:7      | Reached skill level 5 in Translocations
  8494 | D:7      | Reached skill level 5 in Transmutations
  8494 | D:7      | Reached skill level 5 in Fire Magic
  8494 | D:7      | Reached skill level 5 in Ice Magic
  8494 | D:7      | Reached skill level 5 in Air Magic
  8494 | D:7      | Reached skill level 5 in Earth Magic
  8494 | D:7      | Reached skill level 5 in Poison Magic
  8494 | D:7      | Reached XP level 10. HP: 83/83 MP: 15/19
  8609 | D:8      | Reached ** piety under Makhleb
  8670 | D:8      | Found a shimmering blue altar of Sif Muna.
  8670 | D:8      | Found a hazy altar of Hepliaklqana.
  8673 | D:8      | Found a snail-covered altar of Cheibriados.
  8917 | D:8      | Identified Nonic's Volume of the Glacial Rocks
  9037 | D:8      | Reached XP level 11. HP: 79/89 MP: 20/20
  9320 | D:8      | Found a staircase to the Lair.
 10452 | D:9      | Noticed a two-headed ogre
 10458 | D:9      | Killed a two-headed ogre
 10595 | D:9      | Reached *** piety under Makhleb
 10919 | D:10     | Entered Level 10 of the Dungeon
 11022 | D:10     | Noticed a two-headed ogre
 11027 | D:10     | Killed a two-headed ogre
 11080 | D:10     | Killed an unseen horror
 11348 | D:10     | Found a portal to a secret trove of treasure.
 11954 | D:11     | Noticed a cyclops
 11956 | D:11     | Killed a cyclops
 12006 | D:11     | Found a staircase to the Orcish Mines.
 12021 | D:11     | Reached **** piety under Makhleb
 12050 | D:11     | Reached XP level 12. HP: 97/97 MP: 22/22
 12122 | D:11     | Found a white marble altar of Elyvilon.
 12582 | D:11     | Noticed Grum
 12603 | D:11     | Killed Grum
 12891 | D:11     | Noticed a two-headed ogre
 12899 | D:11     | Killed a two-headed ogre
 13227 | D:11     | Learned a level 1 spell: Corona
 13300 | Lair:1   | Entered Level 1 of the Lair of Beasts
 13312 | Lair:1   | Reached skill level 10 in Fighting
 13663 | Lair:1   | Got a polished hunting sling
 14142 | Lair:1   | Reached skill level 12 in Stealth
 14725 | Lair:1   | Identified the +8 hunting sling "Hoethrofur" {venom, +Inv
                  | Str-5 Int+2} (You found it on level 1 of the Lair of
                  | Beasts)
 15218 | Lair:2   | Reached XP level 13. HP: 100/104 MP: 25/25
 16004 | Lair:3   | Reached ***** piety under Makhleb
 16030 | Lair:3   | Found a dark tunnel.
 16060 | Volcano  | Entered a volcano
 16652 | Lair:3   | Noticed Nergalle
 16661 | Lair:3   | Killed Nergalle
 16981 | Lair:3   | Learned a level 1 spell: Apportation
 17185 | Lair:3   | Noticed Fannar
 17341 | Lair:3   | Killed from afar by Fannar

Illustrated notes

Levels and vault maps discovered:
D:1:      dpeg_arrival_renting, layout_loops_ring, tso_altar
D:2:      minmay_wonky_spiral, layout_basic
D:3:      layout_loops_ring, general_overflow_altar, minmay_hedge_maze,
          lemuel_flame_loot_1, uniq_natasha
D:4:      layout_loops_ring
D:5:      layout_basic, kennysheep_little_box, minmay_temple_entry_mist,
          lightli_sewer_entry_pipes, corexii_shack,
          chequers_serial_rivers_small_a, minmay_misc_feat_hallway
D:6:      layout_loops_ring, lemuel_round_altar, basic_altar, uniq_maggie
D:7:      layout_basic, serial_aquarium, aquarium_bridge_long_joined
          [aquarium_subvault_bridge, aquarium_subvault_bridge,
          aquarium_subvault_window, aquarium_subvault_bridge,
          aquarium_subvault_bridge, aquarium_subvault_bridge],
          aquarium_window_fake, aquarium_window_corridor_2, aquarium_view_2b,
          aquarium_view_2c, serial_shops, nicolae_shop_statue_plus, shop,
          nicolae_shop_behind_doors, shop, minmay_ruined_shrine, uniq_harold
D:8:      layout_loops_ring, grunt_temple_overflow_open,
          grunt_lair_entry_orc_guard_hut, chequers_decorated_corner,
          st_stairs_11
D:9:      layout_basic
D:10:     layout_irregular_city, enter_trove_2
D:11:     layout_cave_pools, zombieorc2_lemuel, basic_altar, uniq_grum
Temple:   eino_temple_rhombus
Lair:1:   layout_small_grid, chequers_serial_rivers_micro_c,
          nicolae_quartered_pool_medium
Lair:2:   layout_big_grid, grunt_megastairs_1, minmay_lair_oklob_chamber
Lair:3:   layout_cave_pods, nicolae_volcano_entry_hallway, uniq_fannar,
          uniq_nergalle

Skill      XL: |  1  2  3  4  5  6  7  8  9 10 11 12 13 |
---------------+----------------------------------------+-----
Stealth        | 10 11 12 | 12.3
Invocations    | 1 2 3 4 6 7 8 9 |  9.1
Short Blades   | 1 2 3 6 7 8 |  8.3
Long Blades    | 1 2 3 6 7 8 |  8.3
Axes           | 1 2 3 6 7 8 |  8.3
Polearms       | 1 2 3 6 7 8 |  8.3
Staves         | 1 2 3 6 7 8 |  8.3
Slings         | 1 2 3 6 7 8 |  8.3
Bows           | 1 2 3 6 7 8 |  8.3
Crossbows      | 1 2 3 6 7 8 |  8.3
Throwing       | 1 2 3 6 7 8 |  8.3
Armour         | 1 2 3 6 7 8 |  8.3
Shields        | 1 2 3 6 7 8 |  8.3
Unarmed Combat | 1 2 3 6 7 8 |  8.3
Spellcasting   | 1 2 3 6 7 8 |  8.3
Evocations     | 1 2 3 6 7 8 |  8.3
Conjurations   | 1 2 3 5 6 |  6.9
Hexes          | 1 2 3 5 6 |  6.9
Summonings     | 1 2 3 5 6 |  6.9
Necromancy     | 1 2 3 5 6 |  6.9
Translocations | 1 2 3 5 6 |  6.9
Transmutations | 1 2 3 5 6 |  6.9
Fire Magic     | 1 2 3 5 6 |  6.9
Ice Magic      | 1 2 3 5 6 |  6.9
Air Magic      | 1 2 3 5 6 |  6.9
Earth Magic    | 1 2 3 5 6 |  6.9
Poison Magic   | 1 2 3 5 6 |  6.9
Maces & Flails | 5 6 7 8 9 |  9.5
Dodging        | 5 6 7 8 9 |  9.5
Fighting       | 7 9 10 | 10.5

Action                   |  1- 3 |  4- 6 |  7- 9 | 10-12 | 13-15 || total
-------------------------+-------+-------+-------+-------+-------++-------
Melee: Mace              |    64 |    66 |       |       |       ||   130
       Bite              |     7 |    32 |    47 |   101 |    28 ||   215
       Dagger            |       |   208 |   155 |       |       ||   363
       Punch             |       |     1 |     5 |       |       ||     6
       Hand axe          |       |       |   187 |   681 |       ||   868
       Flail             |       |       |       |    18 |       ||    18
       Scimitar          |       |       |       |    79 |   139 ||   218
Throw: Boomerang         |       |       |       |     9 |    12 ||    21
Invok: Lesser Servant of |       |       |       |     3 |     1 ||     4
Evoke: Wand              |       |     2 |       |    10 |     3 ||    15
  Use: Scroll            |     1 |    10 |    10 |     9 |     2 ||    32
       Potion            |       |       |     1 |     1 |     2 ||     4
 Stab: Sleeping          |       |     5 |     1 |       |       ||     6
       Distracted        |       |       |       |     1 |       ||     1
Armor: Leather armour    |     7 |       |       |       |       ||     7
       Chain mail        |    35 |   118 |   170 |    44 |       ||   367
       Plate armour      |       |       |       |   385 |    46 ||   431
Dodge: Dodged            |    35 |   107 |   117 |   224 |    37 ||   520
Block: Other             |       |       |    35 |     8 |       ||    43
       Reflection        |       |       |     2 |     3 |       ||     5
       Buckler           |       |       |       |   430 |    67 ||   497
       Rpst.: Scimitar   |       |       |       |     7 |    13 ||    20

Table legend: (Time is in decaauts)
 A = Elapsed time spent in this place.
 B = Non-inter-level travel time spent in this place.
 C = Inter-level travel time spent in this place.
 D = Time resting spent in this place.
 E = Time spent auto-exploring this place.
 F = Levels seen in this place.
 G = Mean time per level.
                   A        B        C        D        E       F      G
               +--------+--------+--------+--------+--------+-----+--------+
         Total |  17392 |  16469 |    923 |   2446 |  10639 |  17 | 1023.1 |
       Dungeon |  12662 |  11884 |    778 |   1857 |   7518 |  11 | 1151.1 |
        Temple |    307 |    264 |     43 |      0 |    262 |   1 |  307.0 |
          Lair |   3871 |   3770 |    101 |    367 |   2823 |   3 | 1290.3 |
         Sewer |    392 |    392 |      0 |    222 |     35 |   1 |  392.0 |
       Volcano |    158 |    158 |      0 |      0 |      0 |   1 |  158.0 |
               +--------+--------+--------+--------+--------+-----+--------+

Top non-repeatable levels by time:
     D:8: 1592 daAuts
     D:5: 1494 daAuts
     D:7: 1451 daAuts
  Lair:1: 1444 daAuts
  Lair:2: 1340 daAuts
    D:11: 1276 daAuts
     D:4: 1193 daAuts
  Lair:3: 1086 daAuts
     D:6: 1072 daAuts
    D:10: 1050 daAuts
     D:3: 1005 daAuts
     D:9: 854 daAuts
     D:2: 851 daAuts
     D:1: 819 daAuts
   Sewer: 392 daAuts
